AoeStats
← [Massa] Edo

Lombardia

507864341Analyzed
2v2 RM · 11d ago on Sep 20, 2026· 55m 3s· 4 players
Game mode
Random Map
Map size
Medium (4 player)
Population
200
Speed
Normal
Resources
Standard
Victory
Conquest
Starting age
Dark Age
Ending age
Imperial Age
RankedLock teamsTeams togetherTeam positionsShared explorationLock speedFull tech treeHidden civsTurbo modeCheats
Victory
Defeat
🇧🇷 Mongols · Brazil
1527
+17
🇧🇷 Mapuche · Brazil
1456
+21
🇨🇱 Persians · Chile
1575
-20
🇨🇱 Ethiopians · Chile
1531
-18
[Massa] Edo
8:00 Feudal Age
7:06 Loom
8:29 Double-Bit Axe
10:43 Horse Collar
19:41 Scale Barding Armor
21:29 Wheelbarrow
24:16 Castle Age
22:59 Forging
22:55 Gold Mining
23:51 Bloodlines
25:32 Bow Saw
25:24 Heavy Plow
26:01 Gold Shaft Mining
27:39 Fletching
27:58 Stone Mining
28:22 Bodkin Arrow
29:11 Ballistics
31:26 Padded Archer Armor
37:53 Imperial Age
36:00 Murder Holes
36:16 Masonry
36:08 Nomads
36:44 Hand Cart
39:41 Chemistry
38:39 Heavy Scorpion
39:59 Conscription
42:35 Siege Engineers
43:21 Drill
44:54 Bracer
46:53 Caravan
50:49 Husbandry
50:09 Light Cavalry
51:10 Chain Barding Armor
51:26 Iron Casting
51:24 Hussar
56:04 Blast Furnace
tg
10:09 Feudal Age
11:29 Double-Bit Axe
14:01 Castle Age
12:43 Horse Collar
13:58 Fletching
14:56 Bow Saw
14:45 Loom
15:48 Loom
19:25 Padded Archer Armor
19:21 Town Watch
21:40 Bodkin Arrow
26:39 Gold Mining
27:59 Wheelbarrow
28:56 Leather Archer Armor
33:13 Imperial Age
33:36 Ballistics
34:25 Ring Archer Armor
34:57 Chemistry
34:01 Heavy Plow
34:15 Stone Mining
35:00 Gold Shaft Mining
36:10 Siege Engineers
35:34 Elite Bolas Rider
39:45 Butalmapu
39:43 Malon
39:49 Butalmapu
41:07 Capped Ram
46:46 Caravan
48:30 Hand Cart
48:35 Siege Engineers
48:41 Masonry
48:12 Treadmill Crane
50:44 Conscription
50:36 Forging
51:01 Crop Rotation
51:29 Stone Shaft Mining
50:40 Pikeman
51:59 Iron Casting
51:41 Onager
53:56 Architecture
53:22 Murder Holes
mnelias
6:39 Loom
8:50 Feudal Age
9:37 Double-Bit Axe
9:54 Town Watch
11:51 Fletching
20:32 Padded Archer Armor
27:57 Castle Age
26:41 Gold Mining
28:58 Wheelbarrow
28:02 Crossbowman
29:24 Bodkin Arrow
31:28 Horse Collar
33:48 Ballistics
42:16 Hand Cart
44:41 Imperial Age
42:21 Thumb Ring
44:14 Hand Cart
44:20 Hand Cart
44:24 Elite Skirmisher
44:53 Arbalester
45:35 Bracer
46:26 Bow Saw
47:58 Chemistry
53:35 Leather Archer Armor
Persir
8:35 Feudal Age
10:11 Loom
12:49 Forging
20:21 Castle Age
19:24 Bloodlines
19:06 Horse Collar
20:38 Wheelbarrow
22:26 Gold Mining
23:19 Scale Barding Armor
26:53 Double-Bit Axe
30:25 Husbandry
36:27 Imperial Age
34:22 Heavy Plow
35:18 Chain Barding Armor
34:56 Town Watch
36:05 Cavalier
38:02 Plate Barding Armor
37:58 Hand Cart
38:46 Iron Casting
39:51 Town Patrol
41:14 Blast Furnace
40:39 Conscription
42:03 Chemistry
41:07 Fletching
44:51 Bodkin Arrow
44:41 Onager
47:33 Light Cavalry
51:43 Hussar
Connection lost

Rejoining the realm…

Still unreachable

The connection could not be restored.

Session expired

The server has moved on; the page needs a fresh start.